 Dungeon Crawl Stone Soup version 0.19-b1-1-g9a3527e (console) character file.

1425 bakedspriggancorpse the Carver (level 8, -1/67 HPs)
             Began as a Minotaur Fighter on Oct 27, 2016.
             Was a Follower of Okawaru.
             Succumbed to Sigmund's poison
             ... on level 6 of the Dungeon.
             The game lasted 00:12:51 (6273 turns).

bakedspriggancorpse the Carver (Minotaur Fighter)   Turns: 6273, Time: 00:12:51

Health: -1/67      AC: 15    Str: 22    XL:     8   Next: 44%
Magic:  4/7        EV: 11    Int:  5    God:    Okawaru [*.....]
Gold:   233        SH: 11    Dex: 13    Spells: 0 memorised, 7 levels left

rFire  . . .     SeeInvis .     a - +1 long sword
rCold  . . .     Gourm    .     m - +0 chain mail
rNeg   . . .     Faith    .     c - +0 shield
rPois  .         Spirit   +     (helmet restricted)
rElec  .         Reflect  .     n - +0 cloak
rCorr  .         Harm     .     (no gloves)
MR     .....                    y - +2 pair of boots {Stlth+}
Stlth  +.........               t - amulet of guardian spirit
                                (no ring)
                                A - +2 ring of dexterity

@: lethally poisoned (-1 -> -28), heroism, very slightly contaminated, slowed,
very slow
A: retaliatory headbutt, horns 2
a: Heroism, Renounce Religion


You were on level 6 of the Dungeon.
You worshipped Okawaru.
Okawaru was aware of your devotion.
You were hungry.

You visited 2 branches of the dungeon, and saw 7 of its levels.

You collected 233 gold pieces.

Inventory:

Hand Weapons
 a - a +1 long sword (weapon)
Missiles
 p - 59 stones (quivered)
Armour
 c - a +0 shield (worn)
 m - a +0 chain mail (worn)
 n - a +0 cloak (worn)
 y - a +2 pair of boots of stealth (worn)
Jewellery
 t - an amulet of guardian spirit (around neck)
 A - a +2 ring of dexterity (left hand)
Wands
 d - a wand of acid (6/15)
 k - a wand of hasting (9/9)
Scrolls
 b - 2 scrolls of remove curse
 g - a scroll of enchant weapon
 j - 5 scrolls of teleportation
 r - a scroll of noise
Potions
 e - 2 potions of flight
 o - a potion of haste
 s - 2 potions of lignification
 u - a potion of heal wounds {unknown}
 v - 2 potions of resistance
 w - a potion of brilliance {unknown}
 B - a potion of invisibility {unknown}
Comestibles
 f - 6 bread rations
 h - 4 meat rations
 x - 4 chunks of flesh
 z - 4 fruits


   Skills:
 + Level 4.8(9.8) Fighting
 + Level 11.0(16.0) Long Blades
 - Level 0.2(5.2) Throwing
 - Level 3.6(8.6) Armour
 - Level 4.2(9.2) Dodging
 - Level 0.3(5.3) Stealth
 - Level 3.6(8.6) Shields


You had 7 spell levels left.
You didn't know any spells.

Dungeon Overview and Level Annotations

Branches:
Dungeon (6/15)             Temple (1/1) D:4

Altars:
Ashenzari
Cheibriados
Dithmenos
Elyvilon
Fedhas
Gozag
Hepliaklqana
Kikubaaqudgha
Makhleb
Nemelex Xobeh
Okawaru
Qazlal
Ru
Sif Muna
Trog
Uskayaw
Vehumet
Xom
Yredelemnul
Zin
The Shining One

Annotations:
D:2 exclusion: downstairs


Innate Abilities, Weirdness & Mutations

You reflexively headbutt those who attack you in melee.
You have a pair of horns on your head.


Message History

You can now gain great but temporary skills.
Your base Long Blades skill increases to level 11!
* * * LOW HITPOINT WARNING * * *
You feel very sick.
The crimson imp hits you but does no damage.
You cannot move.
Unknown command.
You barely miss the crimson imp.
* * * LOW HITPOINT WARNING * * *
You feel sick.
The crimson imp hits you but does no damage.
You hit the crimson imp.
The crimson imp is moderately wounded.
You hear the slow hiss of a very distant avalanche of sand.
You feel less woody.
Your +0 cloak unmelds from your body.
Your +2 pair of boots of stealth unmelds from your body.
Your +0 chain mail unmelds from your body.
You feel stealthy.
You die...

#..###.#
#.## .#
#.# #.#
#.# #.#
#.# #)#
###
#@###....#
#)5)......
#.#.......
#.#._8_..#
#.......##
###.....#
###....
##.# .#


You could see a crimson imp.

Vanquished Creatures
  Sigmund (D:6)
  The ghost of Qqwix the Skirmisher, an amateur HuAK of Lugonu (D:3)
  2 ogres
  A phantom (D:5)
  A big kobold (D:5)
  A scorpion (D:3)
  2 howler monkeys (D:3)
  3 hounds
  2 jellies
  A gnoll shaman (D:4)
  An orc priest (D:6)
  A centaur skeleton (D:5)
  An iguana (D:5)
  2 orc wizards (D:6)
  2 worker ants
  A hound zombie (D:5)
  Robin (D:2)
  2 worker ant zombies (D:5)
  5 gnolls
  7 adders
  3 oozes
  5 worms
  3 dart slugs
  8 leopard geckos
  11 orcs
  2 ball pythons
  4 giant cockroaches
  12 hobgoblins
  3 jackals (D:3)
  A quokka (D:5)
  5 bats
  A frilled lizard (D:2)
  16 goblins
  12 kobolds
  A leopard gecko skeleton (D:4)
  A quokka skeleton (D:5)
  15 rats
141 creatures vanquished.

Notes
Turn   | Place    | Note
-------+----------+-------------------------------------------
     0 | D:1      | bakedspriggancorpse the Minotaur Fighter began the quest for the Orb.
     0 | D:1      | Reached XP level 1. HP: 19/19 MP: 0/0
   201 | D:1      | Reached skill level 3 in Long Blades
   386 | D:1      | Reached XP level 2. HP: 26/26 MP: 1/1
   695 | D:1      | Reached skill level 4 in Long Blades
   835 | D:1      | Reached XP level 3. HP: 29/31 MP: 2/2
  1115 | D:2      | Noticed Robin
  1142 | D:2      | Killed Robin
  1264 | D:2      | Reached skill level 5 in Long Blades
  1316 | D:2      | Reached XP level 4. HP: 25/39 MP: 3/3
  2258 | D:3      | Noticed Qqwix's ghost (amateur HuAK)
  2962 | D:3      | Reached skill level 6 in Long Blades
  3013 | D:3      | Reached XP level 5. HP: 42/45 MP: 4/4
  3014 | D:3      | Killed Qqwix's ghost
  3014 | D:3      | Reached skill level 7 in Long Blades
  3014 | D:3      | Reached XP level 6. HP: 48/51 MP: 5/5
  3386 | D:3      | Reached skill level 8 in Long Blades
  4109 | D:4      | Reached skill level 9 in Long Blades
  4109 | D:4      | Reached XP level 7. HP: 43/57 MP: 4/6
  4316 | D:4      | Found a staircase to the Ecumenical Temple.
  4322 | Temple   | Entered the Ecumenical Temple
  4571 | Temple   | Became a worshipper of Warmaster Okawaru
  5432 | D:5      | Entered Level 5 of the Dungeon
  5487 | D:5      | Reached skill level 10 in Long Blades
  5562 | D:5      | Reached skill level 1 in Dodging
  6030 | D:5      | Found a blossoming altar of Fedhas.
  6046 | D:5      | Reached XP level 8. HP: 57/64 MP: 7/7
  6175 | D:6      | Found a shattered altar of Ashenzari.
  6213 | D:6      | Found a stormy altar of Qazlal.
  6214 | D:6      | Found a shattered altar of Ashenzari.
  6214 | D:6      | Noticed Sigmund
  6269 | D:6      | Reached * piety under Okawaru
  6271 | D:6      | Killed Sigmund
  6271 | D:6      | Reached skill level 11 in Long Blades
  6271 | D:6      | HP: 5/100 [poisoned by Sigmund]
  6273 | D:6      | Succumbed to Sigmund's poison

Skill      XL: |  1  2  3  4  5  6  7  8 |
---------------+-------------------------+-----
Long Blades    | 3 4 5 6 7 9 10 11 | 11.0
Dodging        | 3 4 |  4.2
Fighting       | 4 |  4.8
Throwing       | |  0.2
Armour         | |  3.6
Stealth        | |  0.3
Shields        | |  3.6

Action                   |  1- 3 |  4- 6 |  7- 9 || total
-------------------------+-------+-------+-------++-------
Melee: Long sword        |    97 |   129 |   175 ||   401
       Headbutt          |    16 |    29 |    37 ||    82
Throw: Stone             |    32 |    44 |       ||    76
Invok: Heroism           |       |       |     1 ||     1
Evoke: Wand              |       |     1 |       ||     1
  Use: Scroll            |       |    12 |     7 ||    19
       Potion            |       |     1 |     3 ||     4
 Stab: Distracted        |     1 |       |       ||     1
  Eat: Chunk             |     1 |     9 |     7 ||    17
Armor: Scale mail        |    11 |       |       ||    11
       Chain mail        |    29 |    47 |    44 ||   120
       Skin              |       |       |    21 ||    21
Dodge: Dodged            |    27 |    24 |    34 ||    85
Block: Shield            |    42 |    66 |    77 ||   185
       Rpst.: Long sword |     4 |     6 |    13 ||    23
